 Dungeon Crawl Stone Soup version 0.29.1-1-gd02db6906a (webtiles) character file.

Game seed: 13536627885961789701

42 raistware the Conjurer (level 3, -2/21 HPs)
             Began as an Octopode Conjurer on Sept 23, 2022.
             Slain by an orc wizard
             ... wielding a +0 dagger
              (3 damage)
             ... on level 2 of the Dungeon.
             The game lasted 00:02:43 (2079 turns).

raistware the Conjurer (Octopode Conjurer)          Turns: 2079, Time: 00:02:44

Health: -2/21      AC:  1    Str:  6    XL:     3   Next: 56%
Magic:  6/8        EV: 13    Int: 22    God:
Gold:   60         SH:  0    Dex: 10    Spells: 8/9 levels left

rFire   . . .      SeeInvis .   (no weapon)
rCold   . . .      Faith    .   (no shield)
rNeg    . . .      Spirit   .   (helmet restricted)
rPois   .          Reflect  .   (no amulet)
rElec   .          Harm     .   (no ring)
rCorr   .          Rampage  .   (no ring)
Will    .....                   (no ring)
Stlth   +++.......              (no ring)
HPRegen 0.07/turn               (no ring)
MPRegen 0.11/turn               (no ring)
                                (no ring)
                                (no ring)

@: no status effects
A: almost no armour, amphibious, 8 rings, camouflage 1, gelatinous body 1,
(nimble swimmer 1), tentacles
a: no special abilities


You were on level 2 of the Dungeon.
You visited 1 branch of the dungeon, and saw 2 of its levels.

You collected 60 gold pieces.

Inventory:

Missiles
 h - 2 throwing nets
 k - 5 boomerangs
Scrolls
 b - a scroll of immolation {unknown}
 c - a scroll of enchant armour {unknown}
 g - a scroll of identify {unknown}
 j - a scroll of amnesia {unknown}
 n - a scroll of enchant weapon {unknown}
 p - a scroll of poison {unknown}
Potions
 a - a potion of magic
 d - a potion of might {unknown}
 e - 2 potions of mutation {unknown}
 f - 2 potions of resistance {unknown}
 i - a potion of attraction {unknown}
 l - 2 potions of berserk rage {unknown}
 m - a potion of ambrosia {unknown}
 o - a potion of lignification {unknown}


   Skills:
 - Level 2.0 Dodging
 - Level 2.6 Stealth
 + Level 3.6 Spellcasting
 - Level 4.0 Conjurations


You had 8 spell levels left.
You knew the following spells:

 Your Spells              Type           Power      Damage    Failure   Level
a - Magic Dart            Conj           84%        1d7       2%          1

Your spell library contained the following spells:

 Spells                   Type           Power      Damage    Failure   Level
 Searing Ray              Conj           42%        2d6       3%          2
 Conjure Flame            Conj/Fire      12%        6-21      16%         3
 Dazzling Flash           Conj/Hex       24%        N/A       16%         3
 Ignite Poison            Fire/Tmut/Pois 3%         N/A       34%         3
 Fulminant Prism          Conj/Hex       6%         3d7       45%         4
 Iskenderun's Mystic Bla  Conj/Tloc      12%        2d5       45%         4
 Sticky Flame             Conj/Fire      12%        2d4       45%         4


Dungeon Overview and Level Annotations

Branches:
Dungeon (2/15)

Altars:

Shops:
D:1 (?=[


Innate Abilities, Weirdness & Mutations

You cannot wear most types of armour.
You are amphibious.
You can wear up to eight rings at the same time.
Your skin changes colour to match your surroundings (Stealth+).
Your rubbery body absorbs attacks. (AC +1, EV +1)
((You are camouflaged when in or above water. (Stealth+)))
You have tentacles for arms and can constrict up to eight enemies at once.


Message History

The orc wizard misses you.
The orc wizard casts a spell.
The orc wizard flickers and vanishes!
Deactivating autopickup; reactivate with Ctrl-A.
You tentacle-slap the orc wizard.
The orc wizard is lightly wounded.
You constrict the orc wizard, but do no damage.
The orc hits you from afar with a +0 trident.
The orc wizard points at you and mumbles some strange words.
You resist with significant effort.
You tentacle-slap the orc wizard.
The orc wizard is lightly wounded.
You constrict the orc wizard.
The orc hits you from afar with a +0 trident.
The orc wizard hits you with a +0 dagger.
* * * LOW HITPOINT WARNING * * *
Casting: Magic Dart (safe; 2% risk of failure)
Confirm with . or Enter, or press ? or * to list all spells.
Aiming: Magic Dart (safe; 2% risk of failure)
Press: ? - help, Shift-Dir - straight line, f - orc wizard
Aim: an orc wizard, wielding a +0 dagger and wearing a +0 robe (moderately wounded, constricted by you, 100% to hit)
The magic dart hits the orc wizard.
The orc wizard is heavily wounded.
You constrict the orc wizard, but do no damage.
The orc completely misses you.
The orc wizard hits you with a +0 dagger.
* * * LOW HITPOINT WARNING * * *
Unknown command.
Casting: Magic Dart (safe; 2% risk of failure)
Confirm with . or Enter, or press ? or * to list all spells.
Aiming: Magic Dart (safe; 2% risk of failure)
Press: ? - help, Shift-Dir - straight line, f/p - orc wizard
Aim: an orc wizard, wielding a +0 dagger and wearing a +0 robe (heavily wounded, constricted by you, 100% to hit)
The magic dart hits the orc wizard.
The orc wizard is severely wounded.
You constrict the orc wizard.
The orc hits you from afar with a +0 trident.
* * * LOW HITPOINT WARNING * * *
The orc wizard hits you with a +0 dagger.
You die...

###### #### <.#..#
...# #.#..# ...#
.######o#..## ...#
....oo.@....# ...#
#######..#.## ....
.........# ##
#################.#..#
.............##......#
############.##.#.#.##
...........#.#.# #
#######...##[# # #
#...##.#


You could see an orc priest, an orc wizard and an orc.

Vanquished Creatures
  2 dart slugs (D:1)
  2 endoplasms
  A giant cockroach (D:2)
  7 goblins
  4 hobgoblins
  2 kobolds
  3 quokkas
  2 ball pythons
  3 bats
  3 frilled lizards
  8 rats
37 creatures vanquished.

Notes
Turn   | Place    | Note
-------+----------+-------------------------------------------
     0 | D:1      | raistware the Octopode Conjurer began the quest for the
                  | Orb.
     0 | D:1      | Reached XP level 1. HP: 11/11 MP: 3/3
    21 | D:1      | Found Oppez's Antique Armour Emporium.
   171 | D:1      | Found Qoumegyg's Jewellery Shop.
   233 | D:1      | Reached XP level 2. HP: 17/17 MP: 1/5
   485 | D:1      | Found Xalipl Xioj's Antique Weapon Boutique.
   486 | D:1      | Found Naityaczi's Magic Scroll Boutique.
   979 | D:1      | Reached XP level 3. HP: 21/21 MP: 2/7
  2079 | D:2      | HP: 1/21 [orc/+0 trident (2)]
  2079 | D:2      | Slain by an orc wizard

Illustrated notes

Levels and vault maps discovered:
D:1:      minmay_arrival_hallway, layout_basic, serial_shops, shop, shop,
          nicolae_diamond_shop, nicolae_square_shop
D:2:      minmay_evil_eye, layout_basic, amcnicky_mini_corridor_feature

Skill      XL: |  1  2 |
---------------+-------+-----
Spellcasting   | 3 |  3.6
Dodging        | |  2.0
Stealth        | |  2.6
Conjurations   | |  4.0

Action                   || total
-------------------------++-------
Melee: Unarmed           ||     8
       Constrict         ||     3
       Tentacles         ||     2
 Cast: Magic Dart        ||    63
Dodge: Dodged            ||     4
